 Dungeon Crawl Stone Soup version 0.21-a0-225-g207ae17 (webtiles) character file.

12 Gorglomux the Firebug (level 2, 5/21 HPs)
             Began as a Demonspawn Fire Elementalist on Aug 29, 2017.
             Quit the game on level 1 of the Dungeon.
             The game lasted 00:01:37 (794 turns).

Gorglomux the Firebug (Demonspawn Fire Elementalist) Turns: 794, Time: 00:01:37

Health: 5/21       AC:  3    Str:  8    XL:     2   Next: 20%
Magic:  5/5        EV: 12    Int: 16    God:
Gold:   38         SH:  0    Dex: 13    Spells: 4/5 levels left

rFire    . . .     SeeInvis .   e - +0 mace
rCold    . . .     Gourm    .   (no shield)
rNeg     . . .     Faith    .   a - +0 robe
rPois    .         Spirit   .   (no helmet)
rElec    .         Reflect  .   (no cloak)
rCorr    .         Harm     .   (no gloves)
MR       .....                  h - +0 pair of boots
Stlth    ++........             (no amulet)
HPRegen  0.07/turn              (no ring)
MPRegen  0.09/turn              (no ring)

@: no status effects
A: talons 1
a: no special abilities


You were on level 1 of the Dungeon.
You were not hungry.

You visited 1 branch of the dungeon, and saw 1 of its levels.

You collected 38 gold pieces.

Inventory:

Hand Weapons
 e - a +0 mace (weapon)
Armour
 a - a +0 robe (worn)
 h - a +0 pair of boots (worn)
Scrolls
 d - a scroll of amnesia {unknown}
 g - a scroll of remove curse {unknown}
Books
 b - a book of Flames

   Spells                             Type                      Level
   a - Flame Tongue                   Conjuration/Fire             1
   b - Throw Flame                    Conjuration/Fire             2
   c - Conjure Flame                  Conjuration/Fire             3
   d - Inner Flame                    Hexes/Fire                   3
   e - Sticky Flame                   Conjuration/Fire             4
   f - Fireball                       Conjuration/Fire             5
Comestibles
 c - a bread ration


   Skills:
 + Level 1.2 Fighting
 - Level 0.3 Maces & Flails
 - Level 1.7 Dodging
 - Level 1.7 Stealth
 - Level 2.0 Spellcasting
 + Level 1.5 Conjurations
 - Level 2.6 Fire Magic


You had 4 spell levels left.
You knew the following spells:

 Your Spells              Type           Power        Failure   Level  Hunger
a - Flame Tongue          Conj/Fire      #....        9%          1    #......


Dungeon Overview and Level Annotations

Branches:
Dungeon (1/15)

Altars:


Innate Abilities, Weirdness & Mutations

You have sharp toenails.


Message History

You are too injured to fight recklessly!!!
You closely miss the bat! The bat barely misses you!
You swing at nothing!
The bat barely misses you!
You swing at nothing!
The bat barely misses you!
You swing at butt!
The bat misses you!
You swing at nothing!
The bat closely misses you!
You swing at nothing!
The bat barely misses you!
You swing at nothing!
The bat misses you! x2; The bat barely misses you! x2
You swing at nothing!
The bat hits you but does no damage!
You swing at nothing!
The bat butts you but does no damage! The butt closely misses you!
The bat barely misses you!
Found 6 gold butts!
The bat hits you but does no damage! The bat barely misses you!
The bat hits you but does no damage! The bat closely misses you!
The bat is sucked into a shaft!!!
The shaft crumbles and butts!
You can't go down here!!!
Are you sure you want to abandon this character and quit the game? (Confirm with "yes"!)

#......).#
#........#
#####........+
#......$...(.#
#........#####
# #$.......###
. #..........#
. #..........#
# #......@...#
#.
#########..#
#.. ..# #..
..# ##.. .##
.... .... ####
# .####


There were no monsters in sight!

Vanquished Creatures
  An ooze (D:1)
  2 hobgoblins (D:1)
  A kobold (D:1)
  2 bats (D:1)
  A goblin (D:1)
  A rat (D:1)
8 creatures vanquished.

Notes
Turn   | Place    | Note
-------+----------+-------------------------------------------
     0 | D:1      | Gorglomux the Demonspawn Fire Elementalist began the quest for the Orb.
     0 | D:1      | Reached XP level 1. HP: 13/13 MP: 3/3
   264 | D:1      | Reached skill level 1 in Fighting
   302 | D:1      | Gained mutation: You have sharp toenails. [demonic ancestry]
   302 | D:1      | Reached XP level 2. HP: 21/21 MP: 5/5
   794 | D:1      | Quit the game

Vault maps used:
D:1:      dpeg_arrival_boxorama, serial_glass, glass_columns_b, glass_columns_a

Skill      XL: |  1 |
---------------+----+-----
Fighting       | 1 |  1.2
Maces & Flails | |  0.3
Dodging        | |  1.7
Stealth        | |  1.7
Spellcasting   | |  2.0
Conjurations   | |  1.5
Fire Magic     | |  2.6

Action                   || total
-------------------------++-------
Melee: Mace              ||    35
       Kick              ||     2
 Cast: Flame Tongue      ||     8
 Stab: Sleeping          ||     1
Armor: Robe              ||    21
Dodge: Dodged            ||    55

Table legend:
 A = Spawn XP
 B = Non-spawn XP
 C = Spawn XP percentage of total XP
 D = Spawn monster count
 E = Non-spawn monster count
 F = Spawn count percentage of total count
 G = Total turns spent on level
                    A         B        C        D         E        F      G
               +---------+---------+-------+---------+---------+-------+---------
         Total |       2 |      16 |  11.1 |       1 |       7 |  12.5 |   794
               +---------+---------+-------+---------+---------+-------+---------
           D:1 |       2 |      16 |  11.1 |       1 |       7 |  12.5 |   794
               +---------+---------+-------+---------+---------+-------+---------
